Cogmind - Beta 15 @@@ ROGUE MODE // 2025.05.08 @ 14:58:33 Player: Metacraft Result: Destroyed by G-34 Mercenary with Small Laser Performance ------------- Evolutions (0) 0 Regions Visited (1) 200 Robots Destroyed (13) 65 Value Destroyed (281) 281 Prototype IDs (2) 40 Alien Tech Used (0) 0 Bonus (0) 0 TOTAL SCORE: 586 Bonus ------- None Cogmind --------- Core Integrity 0/250 Matter 459/500 Energy 240/250 System Corruption 1% Temperature Warning (397) Movement Walking (260) Ox2 Location -10/Materials Parts ------- > --- POWER (1) -------- Ion Engine > --- PROPULSION (2) --- Aluminum Leg Aluminum Leg > --- UTILITY (2) ------ High-capacity Storage Unit High-capacity Matter Pod > --- WEAPON (2) ------- Medium Laser Medium Laser > --- INVENTORY (20) --- Aluminum Leg Heat Sink Large Storage Unit Medium Matter Pod (0) Medium Matter Pod (0) Medium Matter Pod (0) Visual Processing Unit Signal Interpreter Medium Laser Medium Laser Grenade Launcher Grenade Launcher Datajack Datajack Datajack Datajack Mining Claw Peak State ------------ > --- POWER ------------ Ion Engine > --- PROPULSION ------- Light Treads Light Treads > --- UTILITY ---------- High-capacity Storage Unit High-capacity Matter Pod > --- WEAPON ----------- Medium Laser Medium Laser > --- INVENTORY -------- Ion Engine Aluminum Leg Aluminum Leg Aluminum Leg Aluminum Leg Heat Sink Small Storage Unit Medium Matter Pod Medium Matter Pod Medium Matter Pod Medium Laser Medium Laser Medium Laser Grenade Launcher Grenade Launcher Datajack Datajack Datajack Datajack Mining Claw [Rating: 9] Favorites ----------- Power Ion Engine Engine Ion Engine Propulsion Light Treads Treads Light Treads Leg Aluminum Leg Utility High-capacity Matter Pod Storage High-capacity Matter Pod Weapon Medium Laser Energy Gun Medium Laser Slashing Weapon Mining Claw Build | -11 -10 ------- Run | Yrd Mat Slots Evolved . | . . Power . | . . Propulsion . | . . Utility . | . . Weapon . | . . Parts Attached 19 | 6 13 Power 2 | 1 1 Engine 2 | 1 1 Core . | . . Reactor . | . . Propulsion 5 | 2 3 Treads 2 | . 2 Leg 3 | 2 1 Wheel . | . . Hover . | . . Flight . | . . Utility 4 | 1 3 Device . | . . Storage 4 | 1 3 Processor . | . . Hackware . | . . Protection . | . . Artifact . | . . Weapon 8 | 2 6 Energy Gun 7 | 2 5 Energy Cannon . | . . Ballistic Gun . | . . Ballistic Cannon . | . . Launcher . | . . Special Weapon . | . . Impact Weapon . | . . Slashing Weapon 1 | . 1 Piercing Weapon . | . . Special Melee Weapon . | . . Unidentified Prototypes . | . . Parts Lost 3 | . 3 Power 1 | . 1 Propulsion 1 | . 1 Utility . | . . Weapon 1 | . 1 Highest Loss Streak 3 | . 3 To Critical Strikes . | . . Average Backups 14 | 2 15 Power . | . . Propulsion 2 | 1 3 Utility 3 | . 3 Weapon 4 | . 4 Tool/Special . | . . Unused Backups 18 | . 18 Power 1 | . 1 Propulsion 3 | . 3 Utility 7 | . 7 Weapon 3 | . 3 Tool/Special 4 | . 4 Average Slot Usage (%) 98 | . 98 Engine 13 | . 13 Treads 15 | . 15 Leg 12 | . 12 Storage 27 | . 27 Energy Gun 27 | . 27 Peak Build Rating 9 | 6 9 Average Rating 7 | 4 7 On Entrance 3 | . 6 Naked Turns . | . . Heaviest Build 53 | 12 53 Greatest Support 40 | 20 40 Greatest Overweight (x) 2 | . 2 Average Overweight (x) . | . . Largest Inventory Capacity 20 | 8 20 Average Capacity 16 | 6 17 Most Carried 20 | 6 20 Average Carried 14 | 3 15 Final Capacity 20 | 8 20 Final Carried 17 | 6 17 Class Distribution -------------------- 100% | Mutant Dominant Class ---------------- Mutant | -10/Materials Resources | -11 -10 ----------- Run | Yrd Mat Matter Collected 554 | 230 324 Remotely . | . . Salvage Created 324 | . 324 Parts 28 | . 28 Haulers Intercepted . | . . Recyclers Shooed . | . . Parts Field Recycled . | . . Retrieved Matter . | . . Parts Self-Destructed . | . . Prevented . | . . Kills | -11 -10 ------- Run | Yrd Mat Combat Hostiles Destroyed 10 | . 10 Melee 1 | . 1 Guns 9 | . 9 Classes Destroyed 3 | . 3 Watcher 3 | . 3 Swarmer 5 | . 5 Grunt 5 | . 5 Best Kill Streak 3 | . 3 Combat Bots Only 3 | . 3 Max Kills in Single Turn 1 | . 1 Gunslinging . | . . Exploded . | . . Melee 1 | . 1 Uniques/NPCs Destroyed . | . . Combat | -11 -10 -------- Run | Yrd Mat Hostile Shots Fired 94 | . 94 Missed 16 | . 16 Hits 78 | . 78 Projectile 78 | . 78 Critical Strikes 2 | . 2 Damage Taken 1013 | . 1013 Core 259 | . 259 Absorbed by Shields . | . . Core Remaining (%) 100 | 100 . Volleys Fired 53 | . 53 Largest 2 | . 2 Hottest 100 | . 100 Shots Fired 102 | . 102 Gun 102 | . 102 Cannon . | . . Launcher . | . . Special . | . . Kinetic . | . . Thermal 102 | . 102 Explosive . | . . Electromagnetic . | . . Robot Hit Streak 10 | . 10 Robot Miss Streak 3 | . 3 Penetration Max . | . . Secondary Targets . | . . Shots Hit Robots 72 | . 72 Core Hits 23 | . 23 Critical Kills . | . . Critical Parts Destroyed . | . . Critical Strikes 6 | . 6 Burn 6 | . 6 Melee Attacks 5 | . 5 Impact . | . . Slashing 5 | . 5 Piercing . | . . Sneak Attacks . | . . Combat Hostiles . | . . Follow-up Attacks . | . . Damage Inflicted 978 | . 978 Guns 856 | . 856 Cannons . | . . Explosions . | . . Melee 122 | . 122 Ramming . | . . Kinetic . | . . Thermal 856 | . 856 Explosive . | . . Electromagnetic . | . . Impact . | . . Slashing 122 | . 122 Piercing . | . . Highest Corruption 1 | . 1 Average Corruption 1 | . 1 Corruption Purged . | . . Corruption Blocked . | . . Overload Shots . | . . Overflow Damage . | . . Projectiles . | . . Explosions . | . . Melee . | . . Knockbacks . | . . Impact . | . . Kinetic . | . . Secondary . | . . Self-Inflicted Damage . | . . Shots . | . . Rammed . | . . Targets Rammed . | . . Kicked . | . . Crushed . | . . Highest Temperature 385 | . 385 Average Temperature 134 | . 134 Received Heat Transfer 480 | . 480 Effects 4 | . 4 Shutdowns 2 | . 2 Energy Bleed 1 | . 1 Interference 1 | . 1 Siege Activations . | . . Martial Activations . | . . Shielding Activations . | . . Robots Disrupted . | . . Combat Hostiles . | . . Robots Corrupted . | . . Combat Hostiles . | . . Parts Fried . | . . Impact Corruptions . | . . Robots Melted . | . . Combat Hostiles . | . . Parts Melted 8 | . 8 Heat Transferred 2960 | . 2960 Parts Sabotaged . | . . Parts Stolen . | . . Parts Stripped . | . . Power Chain Reactions . | . . Alert | -11 -10 ------- Run | Yrd Mat Maximum Alert Level . | . . Low Security (%) 100 | 100 100 Level 1 . | . . Level 2 . | . . Level 3 . | . . Level 4 . | . . Level 5 . | . . High Security . | . . Max Security . | . . Peak Influence 90 | . 90 Initial . | . . Average 23 | . 25 Influence Increases 296 | . 296 Destroy 0b10 Robot/C 200 | . 200 Destroy 0b10 Robot/NC 15 | . 15 Destroy Leader 46 | . 46 Successful Hack 5 | . 5 Lose Combat Pursuer 30 | . 30 Influence Decreases 258 | . 258 Time Decay 228 | . 228 Lost Part 30 | . 30 Squads Dispatched 3 | . 3 Investigation 2 | . 2 Extermination . | . . Reinforcement 1 | . 1 Assault . | . . Garrison . | . . Intercept . | . . Searches Triggered . | . . Construction Impeded . | . . Haulers Reinforced . | . . Active Scanning Responses . | . . Cargo Convoy Interrupts . | . . Stealth | -11 -10 --------- Run | Yrd Mat Distress Signals 1 | . 1 Communications Jammed . | . . Distress Signals . | . . Times Spotted 21 | . 21 Peak Tracking Total 4 | . 4 Tactical Retreats 1 | . 1 Traps | -11 -10 ------- Run | Yrd Mat Traps Triggered 4 | . 4 Indirectly . | . . Trap Hack Attempts . | . . Triggered . | . . Disarmed . | . . Reprogrammed 4 | . 4 Reused . | . . Traps Extracted . | . . Installed . | . . Triggered . | . . Machines | -11 -10 ---------- Run | Yrd Mat Machines Disabled . | . . Max in Single Turn . | . . Machines Repaired . | . . Machines Dismantled . | . . Machines Sabotaged . | . . Overloaded Fab Kills . | . . Hacking | -11 -10 --------- Run | Yrd Mat Machines Accessed 5 | . 5 Terminals 4 | . 4 Fabricators . | . . Repair Stations . | . . Recycling Units 1 | . 1 Scanalyzers . | . . Garrison Access . | . . Total Hacks 17 | . 17 Successful 11 | . 11 Failed 6 | . 6 Catastrophic 1 | . 1 Database Lockouts . | . . Manual . | . . Terminals 15 | . 15 Fabricators . | . . Repair Stations . | . . Recycling Units 2 | . 2 Scanalyzers . | . . Garrison Access . | . . Terminal Hacks 9 | . 9 Record 3 | . 3 Prototype ID Bank 1 | . 1 Alert Level 3 | . 3 Reprogram Traps 1 | . 1 Maintenance Status 1 | . 1 Fabricator Hacks . | . . Repair Station Hacks . | . . Recycling Unit Hacks 2 | . 2 Report Inventory 1 | . 1 Retrieve Components 1 | . 1 Scanalyzer . | . . Garrison Access Hacks . | . . Unauthorized Hacks . | . . Terminals . | . . Fabricators . | . . Repair Stations . | . . Recycling Units . | . . Scanalyzers . | . . Garrison Access . | . . Data Cores Recovered . | . . Used . | . . Hacking Detections 4 | . 4 Full Trace Events 2 | . 2 Feedback Events 1 | . 1 Corruption 1 | . 1 Feedback Blocked . | . . Robot Schematics Acquired . | . . Robots Built . | . . Authchips . | . . Time . | . . Total Robot Build Rating . | . . Part Schematics Acquired . | . . Parts Built . | . . Authchips . | . . Time . | . . Total Part Build Rating . | . . Parts Repaired . | . . Time . | . . Parts Recycled . | . . Recycled Matter . | . . Retrieved Matter . | . . Retrieved Components 3 | . 3 Parts Scanalyzed . | . . Part Schematics Acquired . | . . Parts Damaged . | . . Bothacking | -11 -10 ------------ Run | Yrd Mat Used RIF Installer . | . . Robots Hacked . | . . Non-combat . | . . Combat . | . . Robot Hacks Applied . | . . Relay Couplers Released . | . . Fabnet Peak Effective % . | . . Robots Rewired . | . . Allies Hacked . | . . Hacks Repelled . | . . Allies | -11 -10 -------- Run | Yrd Mat Total Allies . | . . Largest Group . | . . Highest-Rated Group . | . . Highest-Rated Ally . | . . Total Orders . | . . Ally Attacks . | . . Total Damage . | . . Kills . | . . Allies Corrupted . | . . Allies Melted . | . . Intel | -11 -10 ------- Run | Yrd Mat Active Infowar (turns) . | . . Robot Analysis Total . | . . Derelict Logs Recovered . | . . Drone Launches . | . . Drone Recoveries . | . . Exploration | -11 -10 ------------- Run | Yrd Mat Turns Passed 1087 | 72 1015 Spaces Moved 426 | 47 379 Core 3 | 3 . Treads 193 | . 193 Legs 230 | 44 186 Wheels . | . . Hover . | . . Flight . | . . Fastest Speed 50 | 50 120 Average Speed 187 | 115 196 Slowest Speed 260 | 120 260 Overloaded Moves . | . . Propulsion Burnouts . | . . Robots Hopped . | . . Potential Cave-ins . | . . Cave-ins Triggered . | . . Exploration Rate (%) 30 | 3 58 Regions Visited 1 Branch Regions . Pre-discovered Areas . | . . Known Exits Taken . | . . Unknown Exits Taken 1 | 1 . Scrap Searched . | . . Spaces Dug . | . . Terrain Destroyed . | . . Melee . | . . Projectile . | . . AOE . | . . Terrain Rammed . | . . Walls Destroyed . | . . Machines Disabled . | . . Actions | -11 -10 --------- Run | Yrd Mat Total 604 | 64 540 Wait 53 | . 53 Move 425 | 46 379 Hop . | . . Pick Up 36 | 12 24 Fast Attach 1 | . 1 Attach 10 | 6 4 Detach . | . . Swap 10 | . 10 Drop 11 | . 11 Fire 53 | . 53 Melee 5 | . 5 Ram . | . . Kick . | . . Crush . | . . Escape Stasis . | . . Rewire . | . . Trap . | . . Miscellaneous . | . . Route ------- -11/Scrapyard -10/Materials (discovered 1 exit: [*Min]) History --------- Turn | Location | Event 3 | -11/Scrapyard | Discovered new exit (range 16) 73 | -11/Scrapyard | Entered Materials 328 | -10/Materials | Build established: Mutant 468 | -10/Materials | Discovered new exit (range 15) 921 | -10/Materials | Core integrity fell below 50% 948 | -10/Materials | Core integrity fell below 20% 984 | -10/Materials | Lost 3 parts (1p1n1w) 1088 | -10/Materials | Destroyed by G-34 Mercenary with Small Laser Last Messages --------------- Current Alert Level: Low Security >>Traps(Reprogram) Reprogrammed 4 Alarm Traps. ALERT: Suspicious activity at Terminal M007. Dispatching Investigation squad. K-01 Serf cleans the Material Compactor. G-34 Mercenary heat short circuits Aluminum Leg. G-34 Mercenary suffers critical hit (Burn). G-34 Mercenary overheating. G-34 Mercenary heat short circuits Ion Engine. G-34 Mercenary overheating. G-34 Mercenary heat short circuits Sml. Laser. G-34 Mercenary overheating. Power failure, Ion Engine shutdown. G-34 Mercenary overheating. Melted Aluminum Leg. G-34 Mercenary suffers critical hit (Burn). G-34 Mercenary heat damages Broken Aluminum Leg. G-34 Mercenary overheating. [Achievement: First Step to Greatness] Map ----- +----------------------------------------------------+ | #??????# #????????? | | #??????# """ #????????? | | #??????# """ #????????? | | #??????# """ ########## | | #??????# # # | | """" #??????# # """" # | | """" ##########+#### """" # | | """" # """" # | | +! # | | # """" [ # | | #######+###### ####+##+# " # | | #### ## #? # # | | # "" ## ## # # | | # "" ## ## ########## | | # "T ## ## """ #????????? | | # "" ## ## """ #????????? | | # "" ## ## """ #????????? | | # ## #########????????? | | # ## #?????############ | | # ## #?????# """ # | | ########### ###???# "T" # | | ############## #T##### # | | #r"""g""" # | | # """ """ # | | = = g/ """ """ # | | ################# # g @ # | | ????????????????# ###g######## | | ????????????????# t #?????? | | ????????????????#^ ^ ????? | | ????????????????# ???? | | ????????????????# r #??? | | ????????????????# """ #??? | | ????????????????# """"" #??? | | ????????????????# ^""""" #??? | | ????????????????+ """"" #??? | | ????????????????# """ #??? | | ????????????????# ??? ##+#??? | | ????????????????# ^ ??? #?????? | | ????????????????# "??? #?????? | | ????????????????# "??? ??????? | | ????????????????? ????? ??????? | | ???????????????????????? ??????? | | ????????????????????????????????? | | ????????????????????????????????? | | ????????????????????????????????? | | ????????????????????????????????? | | ????????????????????????????????? | | ????????????????????????????????? | | ????????????????????????????????? | | ????????????????????????????????? | +----------------------------------------------------+ Best States ------------- Heat Dissipation 25 Energy Generation 10 Energy Capacity 250 Matter Stores 459 Matter Capacity 500 Sight Range 16 Terrain Scan Density 10 Evasion (%) 55 Recoil Reduction 2 Item Schematics ----------------- None Robot Schematics ------------------ None Fabricated ------------ Nothing Repaired ---------- Nothing Alien Tech Used ----------------- None Achievements -------------- First Step to Greatness Challenges ------------ None Game ------ Seed MultireflexSmartSource Manual? 0 Play Time 00:31:02 Cumulative 0.5 hours Start 2025.05.08 @ 14:25:12 End 2025.05.08 @ 14:58:33 Sessions 1 Manual Loads 0 Difficulty Rogue Special Mode None Game No. 2 Rogue 2 Adventurer 0 Explorer 0 Win Type - Total 0 Types 0/0/0/0/0/0/0/0/0/0 Lore% 0 Gallery% 2 Achievement% 4 Wizard Run 0 Options --------- Layout 1 ASCII 0 Keyboard 0 Movement Mouse Keybinds 0 Fullscreen 1 Font 32/SmallcapsGlow Map View 50x35 Zoom Use 7% Tactical HUD 0 Map Filters NONE Filters NONE Steam 1 RUN: a2018e4b-cafe-4b7c-bef5-1ef57a67925f